 Dungeon Crawl Stone Soup version 0.31-a0-267-g3fc6992b3b (webtiles) character file.

Game seed: 15622584408072886746

191 qw the Shooter (level 5, -3/32 HPs)
             Began as a Gargoyle Hexslinger on July 13, 2023.
             Slain by a killer bee (8 damage)
             ... on level 4 of the Dungeon.
             The game lasted 00:01:02 (2423 turns).

qw the Shooter (Gargoyle Hexslinger)                Turns: 2423, Time: 00:01:02

Health: -3/32      AC:  9    Str: 12    XL:     5   Next: 70%
Magic:  6/6        EV: 11    Int: 13    God:
Gold:   139        SH:  0    Dex: 14    Spells: 5/6 levels left

rFire   . . .        Y - +3 sling
rCold   . . .        (no shield)
rNeg    + . .        h - +0 leather armour
rPois   inf          (no helmet)
rElec   +            e - +1 cloak
rCorr   +            (no gloves)
SInv    .            (no boots)
Will    .....        (no amulet)
Stlth   +            f - ring of resist corrosion
HPRegen 0.25/turn    (no ring)
MPRegen 0.10/turn

%: no passive effects
@: about to teleport
A: sickness immunity, AC +4, negative energy resistance 1, electricity
resistance, torment resistance 1, petrification resistance
a: no special abilities


You were on level 4 of the Dungeon.
You visited 1 branch of the dungeon, and saw 4 of its levels.

You collected 139 gold pieces.


Innate Abilities, Weirdness & Mutations

You are immune to sickness and miasma.
Your stone body is resilient. (AC +4)
You are immune to poison.
You resist negative energy. (rN+)
You are resistant to electric shocks. (rElec)
You are resistant to unholy torment.
You are immune to petrification.


   Skills:
 - Level 3.0 Fighting
 + Level 5.1 Ranged Weapons
 - Level 1.5 Dodging
 - Level 1.0 Spellcasting
 - Level 2.6 Hexes


You had 5 spell levels left.
You knew the following spells:

 Your Spells              Type           Power      Damage    Failure   Level
a - Slow                  Hex            28%        N/A       12%         1

Your spell library contained the following spells:

 Spells                   Type           Power      Damage    Failure   Level
 Inner Flame              Hex/Fire       4%         N/A       52%         3
 Portal Projectile        Hex/Tloc       8%         N/A       52%         3
 Cause Fear               Hex            3%         N/A       75%         4

Inventory:

Hand Weapons
 Y - a +3 sling (weapon)
Armour
 e - a +1 cloak (worn)
 h - a +0 leather armour (worn)
Jewellery
 a - the ring of Secrets {Dex+5 SInv}
   (You found it on level 4 of the Dungeon)

   [ring of see invisible]

   Dex:       It affects your dexterity (+5).
   SInv:      It lets you see invisible.
 f - a ring of resist corrosion (left hand)
Scrolls
 c - a scroll of torment {unknown}
 n - 3 scrolls of identify
Potions
 d - a potion of berserk rage {unknown}
 g - a potion of mutation {unknown}
 i - 2 potions of haste
 j - a potion of lignification {unknown}
 k - a potion of magic {unknown}
 l - a potion of might {unknown}
 m - 2 potions of heal wounds {unknown}

Dungeon Overview and Level Annotations

Branches:
Dungeon (4/15)
 Temple: D:4-7

Altars:
Makhleb
Qazlal
Zin

Annotations:
D:2 1 runed translucent door, Crazy Yiuf
D:4 2 runed translucent doors


Message History

The killer bee closely misses you. The killer bee misses you. x2
You shoot a sling bullet.
The sling bullet completely misses the killer bee.
The sling bullet closely misses the killer bee.
The sling bullet barely misses the killer bee.
The sling bullet misses the killer bee.
The killer bee stings you but does no damage.
The killer bee closely misses you.
You shoot a sling bullet. The sling bullet hits the killer bee!
You kill the killer bee!
The killer bee stings you but does no damage. x2
Your Fighting skill increases to level 3!
You shoot a sling bullet.
The sling bullet barely misses the killer bee.
The sling bullet hits the killer bee.
The killer bee is severely wounded.
The killer bee stings you but does no damage. x2
You shoot a sling bullet.
The sling bullet completely misses the killer bee.
The sling bullet closely misses the killer bee.
The sling bullet barely misses the killer bee.
The sling bullet hits the killer bee but does no damage.
The killer bee is lightly wounded.
The killer bee barely misses you. The killer bee closely misses you.
You shoot a sling bullet. The sling bullet misses the killer bee.
The sling bullet hits the killer bee.
The killer bee is almost dead.
The killer bee closely misses you. The killer bee stings you.
The killer bee stings you!
You shoot a sling bullet.
The sling bullet closely misses the killer bee.
The sling bullet barely misses the killer bee.
The sling bullet closely misses the killer bee.
The sling bullet misses the killer bee.
The killer bee stings you! The killer bee stings you.
2423 ||| READING scroll of teleportation.
As you read the scroll of teleportation, it crumbles to dust.
You feel strangely unstable. The killer bee stings you!
You die...

...# ..# ..# .y# #y# ### #### #y#
#.# #.. ..# #y### #.# #.# #.#
##@#.# #.# #.#.##.#######....####
##.# ##.#.......#......###A# ..##
##.####.##.#......###### #####.#.
##.####.##.......###._.###...#.#.
##......####.......#...#.........
...###### #.......+...+.....#.##
##)# #..............#.##.# ##.#
#.....##.._..##.....#


You could see 4 killer bees.

Vanquished Creatures
  2 killer bees (D:4)
  3 adders
  3 worms
  A dart slug (D:1)
  4 orcs
  6 ball pythons
  10 bats
  7 endoplasms
  4 giant cockroaches
  4 hobgoblins
  2 jackals (D:4)
  A quokka (D:1)
  3 frilled lizards
  5 goblins
  3 kobolds
  4 rats
62 creatures vanquished.

Notes
Turn   | Place    | Note
-------+----------+-------------------------------------------
     0 | D:1      | qw the Gargoyle Hexslinger began the quest for the Orb.
     0 | D:1      | Reached XP level 1. HP: 12/12 MP: 2/2
     0 | D:1      | 0 ||| qw: Version: 0.3-a-52-g30416fa
     0 | D:1      | 0 ||| qw: Game counter: 7678
     0 | D:1      | 0 ||| qw: Melee chars always use a shield: true
     0 | D:1      | 0 ||| qw: God list: Okawaru
     0 | D:1      | 0 ||| qw: Allow faded altars: false
     0 | D:1      | 0 ||| qw: Do Orc after clearing Dungeon:15 true
     0 | D:1      | 0 ||| qw: Do second Lair branch before Depths: true
     0 | D:1      | 0 ||| qw: Lair rune preference: random
     0 | D:1      | 0 ||| qw: Goals: Normal
     0 | D:1      | 0 ||| PLANNING D:1-11
    18 | D:1      | Found a faded altar of an unknown god.
    64 | D:1      | Reached XP level 2. HP: 16/16 MP: 3/3
   124 | D:1      | Reached skill level 3 in Ranged Weapons
   338 | D:1      | Reached XP level 3. HP: 13/21 MP: 4/4
   531 | D:1      | 531 ||| UPGRADING to +1 cloak.
   536 | D:1      | 536 ||| DROPPING ring of flight.
   537 | D:1      | 537 ||| DROPPING scroll of poison.
   605 | D:2      | Found a stormy altar of Qazlal.
   811 | D:2      | Found a runed translucent door.
   812 | D:2      | Noticed Crazy Yiuf
   961 | D:2      | Reached XP level 4. HP: 26/26 MP: 5/5
  1437 | D:2      | 1437 ||| UPGRADING to +0 leather armour.
  1447 | D:2      | 1447 ||| DROPPING +0 robe.
  1448 | D:2      | 1448 ||| UPGRADING to ring of resist corrosion.
  1449 | D:2      | 1449 ||| READING scroll labelled BUUSHR TUCWODGH.
  1450 | D:2      | 1450 ||| READING scroll labelled WAUS JOUFA.
  1606 | D:3      | Reached skill level 4 in Ranged Weapons
  1747 | D:3      | 1747 ||| SWAPPING to +3 sling.
  1748 | D:3      | 1748 ||| DROPPING +1 sling.
  2025 | D:3      | 2025 ||| READING scroll labelled CERAIXEORCH.
  2028 | D:3      | 2028 ||| READING scroll labelled ZEANO KITS.
  2029 | D:3      | 2029 ||| DRINKING 3 sapphire potions.
  2038 | D:4      | 2038 ||| STAIRDANCE
  2084 | D:4      | 2084 ||| STAIRDANCE
  2147 | D:4      | Identified the ring of Secrets {Dex+5 SInv}
  2151 | D:4      | Found a large runed translucent door.
  2151 | D:4      | Found a large runed translucent door.
  2248 | D:4      | 2248 ||| Stepping ~*~*~tactically~*~*~ (water).
  2392 | D:4      | Found a burning altar of Makhleb.
  2394 | D:4      | Found a glowing silver altar of Zin.
  2394 | D:4      | Noticed an angel
  2395 | D:4      | Noticed a green death
  2412 | D:4      | Reached skill level 5 in Ranged Weapons
  2412 | D:4      | Reached XP level 5. HP: 26/30 MP: 6/6
  2419 | D:4      | Reached skill level 3 in Fighting
  2422 | D:4      | HP: 6/32 [killer bee (8)]
  2423 | D:4      | 2423 ||| READING scroll of teleportation.
  2423 | D:4      | Slain by a killer bee

Levels and vault maps discovered:
D:1:      amcnicky_arrival_underground_garden, layout_basic,
          ebering_ecumenical_altar_mist, minmay_surrounded
D:2:      layout_basic, basic_altar, uniq_crazy_yiuf_cottage
D:3:      layout_basic
D:4:      wander_river, layout_loops_cross,
          grunt_temple_overflow_order_and_chaos_2, lemuel_tele_altar,
          jmf_multi_god_temple2, minmay_bisected

Skill      XL: |  1  2  3  4  5 |
---------------+----------------+-----
Ranged Weapons | 3 5 |  5.1
Fighting       | 2 3 |  3.0
Dodging        | |  1.5
Spellcasting   | |  1.0
Hexes          | |  2.6

Action                     |  1- 3 |  4- 6 || total
---------------------------+-------+-------++-------
   Fire: Sling             |   134 |   102 ||   236
    Use: Scroll            |       |     5 ||     5
         Potion            |       |     1 ||     1
 Armour: Robe              |    31 |       ||    31
         Leather armour    |       |    25 ||    25
  Dodge: Dodged            |    66 |    43 ||   109

Table legend:
 A = Non-vault XP
 B = Vault XP
 C = Vault XP percentage of total XP
 D = Non-vault monster count
 E = Vault monster count
 F = Vault count percentage of total count
                 A         B        C        D         E       F
            +---------+---------+-------+---------+---------+-------
      Total |     270 |       4 |   1.5 |      60 |       2 |   3.2
            +---------+---------+-------+---------+---------+-------
        D:1 |      39 |       4 |   9.3 |      24 |       2 |   7.7
        D:2 |      44 |       0 |   0.0 |      10 |       0 |   0.0
        D:3 |      37 |       0 |   0.0 |      16 |       0 |   0.0
        D:4 |     150 |       0 |   0.0 |      10 |       0 |   0.0
            +---------+---------+-------+---------+---------+-------
